 Dungeon Sprint DCSS version 0.28.0-53-g5a82cb258f (webtiles) character file.

Game seed: 17189247445748591575

1758 Zeld the Cleaver (level 9, -1/89 HPs)
             Began as a Hill Orc Fighter on June 5, 2022.
             Was an Initiate of Nemelex Xobeh.
             Slain by a basilisk (5 damage)
             ... while petrified by a basilisk
             ... in the Dungeon (Sprint IX: "|||||||||||||||||||||||||||||").
             The game lasted 00:01:41 (947 turns).

Zeld the Cleaver (Hill Orc Fighter)                  Turns: 947, Time: 00:01:41

Health: -1/89      AC: 10    Str: 23    XL:     9   Next: 6%
Magic:  15/16      EV:  2    Int:  8    God:    Nemelex Xobeh [......]
Gold:   0          SH:  0    Dex: 10    Spells: 8/8 levels left

rFire   . . .      SeeInvis .   a - +1 broad axe (freeze)
rCold   . . .      Faith    .   c - +0 buckler
rNeg    + + +      Spirit   .   b - +0 scale mail
rPois   ∞          Reflect  .   n - +0 helmet
rElec   .          Harm     .   (no cloak)
rCorr   .          Rampage  .   m - +0 pair of gloves
Will    .....      NoTele   +   (no boots)
Stlth   ..........              (no amulet)
HPRegen 0.24/turn               (no ring)
MPRegen 0.15/turn               (no ring)

@: petrified
A: no striking features
a: Renounce Religion, Draw Escape, Draw Destruction, Draw Summoning


You were in the Dungeon.
You worshipped Nemelex Xobeh.
Nemelex Xobeh was noncommittal.
You visited 1 branch

Inventory:

Hand Weapons
 a - a +1 broad axe of freezing (weapon)
Armour
 b - a +0 scale mail (worn)
 c - a +0 buckler (worn)
 m - a +0 pair of gloves (worn)
 n - a +0 helmet (worn)
Jewellery
 o - a +3 ring of dexterity
 p - a +3 ring of dexterity
Wands
 l - a wand of iceblast (1)
Scrolls
 k - 2 scrolls of amnesia
Potions
 e - 5 potions of curing
 f - a potion of heal wounds
 g - a potion of haste
 h - 4 potions of magic
 i - a potion of invisibility


   Skills:
 * Level 11.6 Fighting
 * Level 12.2 Axes
 + Level 7.8 Armour
 + Level 5.2 Dodging
 * Level 10.6 Shields
 * Level 10.0 Invocations


You had 8 spell levels left.
You didn't know any spells.
Your spell library was empty.

Dungeon Overview and Level Annotations

Branches:
Dungeon (1/1)

Altars:
Cheibriados
Dithmenos
Elyvilon
Fedhas
Gozag
Hepliaklqana
Kikubaaqudgha
Makhleb
Nemelex Xobeh
Okawaru
Qazlal
Ru
Sif Muna
Trog
Uskayaw
Vehumet
Wu Jian
Xom
Yredelemnul
Zin
The Shining One
Beogh
Jiyva
Lugonu


Message History

Your experience leads to an increase in your attributes!
Increase (S)trength, (I)ntelligence, or (D)exterity?
You feel stronger. x2
Okay, then.
You feel much better.
The boulder beetle bites you but does no damage.
The basilisk gazes at you. You resist with some effort.
You feel much better. You block the boulder beetle's attack.
The basilisk gazes at you.
You are slowing down.
Unknown command.
You completely miss the boulder beetle.
The boulder beetle is lightly wounded.
You hit the basilisk. You freeze the basilisk. The boulder beetle bites you.
The basilisk gazes at you. You resist with some effort.
The boulder beetle bites you. The basilisk gazes at you.
Your limbs have turned to stone.
You have turned to stone.
The boulder beetle bites you!! The basilisk bites you!
The boulder beetle bites you!
The basilisk bites you but does no damage.
The boulder beetle bites you! The basilisk gazes at you.
The boulder beetle bites you! The basilisk gazes at you.
The boulder beetle bites you!
* * * LOW HITPOINT WARNING * * *
The basilisk gazes at you. The boulder beetle bites you!
* * * LOW HITPOINT WARNING * * *
The basilisk bites you.
* * * LOW HITPOINT WARNING * * *
The boulder beetle barely misses you. The basilisk bites you!
* * * LOW HITPOINT WARNING * * *
The boulder beetle bites you!!
* * * LOW HITPOINT WARNING * * *
The basilisk bites you!
You die...
Your body disappears without a glow.

▓.▓
▓'▓
▓.▓
▓.▓
▓.▓
▓.▓
▓.▓
▓B▓
▓@▓
▓l▓
▓O▓
▓W▓
▓C▓
▓.▓
▓.▓
▓+▓


You could see a boulder beetle, a two-headed ogre, a cyclops, a basilisk and a
wraith.

Vanquished Creatures
  A centaur warrior (D)
  A two-headed ogre (D)
  A yak (D)
  A wyvern (D)
  A wraith (D)
  A black bear (D)
  An iguana (D)
  An orc wizard (D)
  An adder (D)
  An ufetubus (D)
  An adder zombie (D)
  An orc (D)
  3 ball pythons (D)
  A bat (D)
  A kobold (D)
17 creatures vanquished.

Notes
Turn   | Place    | Note
-------+----------+-------------------------------------------
     0 | D        | Zeld the Hill Orc Fighter began the quest for the Orb.
     0 | D        | Reached XP level 1. HP: 19/19 MP: 1/1
    13 | D        | Reached skill level 3 in Axes
   349 | D        | Noticed an iguana
   349 | D        | Noticed a black bear
   355 | D        | Killed an iguana
   356 | D        | Reached skill level 5 in Fighting
   356 | D        | Reached skill level 4 in Axes
   356 | D        | Reached skill level 1 in Dodging
   356 | D        | Reached XP level 2. HP: 29/29 MP: 2/2
   356 | D        | Reached XP level 3. HP: 36/36 MP: 3/3
   362 | D        | Reached skill level 5 in Axes
   363 | D        | Killed a black bear
   364 | D        | Reached skill level 6 in Axes
   364 | D        | Reached XP level 4. HP: 45/45 MP: 4/4
   364 | D        | Reached XP level 5. HP: 51/51 MP: 5/5
   367 | D        | Reached skill level 7 in Axes
   373 | D        | Found a roughly hewn altar of Beogh.
   373 | D        | Found a snail-covered altar of Cheibriados.
   373 | D        | Found a shadowy altar of Dithmenos.
   373 | D        | Found a white marble altar of Elyvilon.
   373 | D        | Found a blossoming altar of Fedhas.
   373 | D        | Found an opulent altar of Gozag.
   394 | D        | Found a hazy altar of Hepliaklqana.
   396 | D        | Found a viscous altar of Jiyva.
   410 | D        | Found an ancient bone altar of Kikubaaqudgha.
   452 | D        | Found a corrupted altar of Lugonu.
   453 | D        | Found a burning altar of Makhleb.
   454 | D        | Found a sparkling altar of Nemelex Xobeh.
   455 | D        | Found an iron altar of Okawaru.
   456 | D        | Found a stormy altar of Qazlal.
   457 | D        | Found a sacrificial altar of Ru.
   458 | D        | Found a shimmering blue altar of Sif Muna.
   459 | D        | Found a bloodstained altar of Trog.
   460 | D        | Found a hide-covered altar of Uskayaw.
   461 | D        | Found a radiant altar of Vehumet.
   462 | D        | Became a worshipper of Nemelex Xobeh the Trickster
   463 | D        | Found an ornate altar of the Wu Jian Council.
   464 | D        | Found a shimmering altar of Xom.
   465 | D        | Found a basalt altar of Yredelemnul.
   466 | D        | Found a glowing silver altar of Zin.
   467 | D        | Found a glowing golden altar of the Shining One.
   510 | D        | Noticed a yak
   510 | D        | Noticed a wyvern
   510 | D        | Noticed a wraith
   510 | D        | Noticed a two-headed ogre
   522 | D        | Killed a yak
   523 | D        | Reached skill level 8 in Axes
   523 | D        | Reached skill level 5 in Armour
   523 | D        | Reached XP level 6. HP: 13/61 MP: 5/9
   544 | D        | Killed a wyvern
   545 | D        | Reached skill level 9 in Axes
   545 | D        | Reached XP level 7. HP: 18/70 MP: 7/11
   548 | D        | Killed a wraith
   553 | D        | Killed a two-headed ogre
   554 | D        | Reached skill level 10 in Fighting
   554 | D        | Reached skill level 11 in Axes
   554 | D        | Reached XP level 8. HP: 7/81 MP: 8/14
   923 | D        | Noticed a centaur warrior
   923 | D        | Noticed a two-headed ogre
   923 | D        | Noticed a wraith
   923 | D        | Noticed a boulder beetle
   923 | D        | Noticed a cyclops
   936 | D        | Killed a centaur warrior
   937 | D        | Reached skill level 12 in Axes
   937 | D        | Reached skill level 5 in Dodging
   937 | D        | Reached skill level 10 in Shields
   937 | D        | Reached skill level 10 in Invocations
   937 | D        | Reached XP level 9. HP: 9/89 MP: 14/16
   947 | D        | HP: 4/89 [boulder beetle (11)]
   947 | D        | Slain by a basilisk

Illustrated notes

Levels and vault maps discovered:
D:        linesprint [early_d, line_temple, items_1, d_10, items_2, lair_1,
          lair_end, items_3, orc_1, orc_end, items_4, d_15, swamp_1, shoals_1,
          snake_1, spider_1, d_20, vaults_1, items_5, swamp_end, shoals_end,
          snake_end, spider_end, vaults_end, d_27, items_6, zot_1, zot_end,
          crypt_end, forest_end, elf_end, slime_end, tomb_end, abyss_end,
          pan_hell_end]

Skill      XL: |  1  2  3  4  5  6  7  8 |
---------------+-------------------------+-----
Axes           | 4 6 8 9 11 12 | 12.2
Fighting       | 5 6 8 9 10 11 | 11.6
Armour         | 4 5 6 7 |  7.8
Dodging        | 1 2 3 4 5 |  5.2
Shields        | 4 6 7 8 9 10 | 10.6
Invocations    | 4 6 8 10 | 10.0

Action                   |  1- 3 |  4- 6 |  7- 9 || total
-------------------------+-------+-------+-------++-------
Melee: War axe           |    29 |     3 |       ||    32
       Broad axe         |       |    15 |    16 ||    31
Evoke: Wand              |       |     3 |     6 ||     9
  Use: Potion            |     1 |       |     3 ||     4
       Scroll            |       |     2 |       ||     2
Armor: Scale mail        |    11 |       |    14 ||    25
Dodge: Dodged            |    14 |     8 |    11 ||    33
Block: Buckler           |     5 |     5 |     8 ||    18
